 Dungeon Crawl Stone Soup version 0.23.2-33-g5129a83184 (webtiles) character file.

Game seed: 3267102109265423239

8239 Iskender the Covert (level 11, -2/70 HPs)
             Began as an Octopode Wanderer on July 6, 2019.
             Was a Believer of Nemelex Xobeh.
             Slain by a killer bee (8 damage)
             ... on level 9 of the Dungeon.
             The game lasted 01:52:12 (14087 turns).

Iskender the Covert (Octopode Wanderer)            Turns: 14087, Time: 01:52:12

Health: -2/70      AC:  1    Str: 10    XL:     11   Next: 27%
Magic:  14/14      EV: 17    Int: 18    God:    Nemelex Xobeh [**....]
Gold:   671        SH:  5    Dex: 15    Spells: 4/12 levels left

rFire    . . .     SeeInvis .   a - +3 trident (venom)
rCold    . . .     Gourm    .   (no shield)
rNeg     . . .     Faith    .   (helmet restricted)
rPois    .         Spirit   .   p - +5 amulet of reflection
rElec    .         Reflect  +   i - ring of resist corrosion
rCorr    +         Harm     .   d - ring of protection from magic
MR       +....                  (no ring)
Stlth    ++++++....             (no ring)
HPRegen  0.21/turn              (no ring)
MPRegen  0.14/turn              (no ring)
                                (no ring)
                                (no ring)

@: lethally poisoned (-2 -> -3)
A: almost no armour, stealthy swim, amphibious, 8 rings, constrict 8, camouflage
1, clever 1, robust 1, gelatinous body 1, no potion heal 2
a: Draw Escape, Draw Destruction, Draw Summoning, Renounce Religion


You were on level 9 of the Dungeon.
You worshipped Nemelex Xobeh.
Nemelex Xobeh was pleased with you.
You were not hungry.

You visited 2 branches of the dungeon, and saw 11 of its levels.

You collected 704 gold pieces.
You spent 33 gold pieces at shops.

Inventory:

Hand Weapons
 a - a +3 trident of venom (weapon)
 b - a +2 shortbow of flaming
 c - a +1 whip of freezing
 v - a +2 blowgun
 A - a +2 hand axe of electrocution
 K - a +0 hunting sling
 N - a +0 quarterstaff
 U - a +2 dagger of distortion
 V - a +0 short sword
Missiles
 g - 7 steel javelins
 j - 198 stones
 n - 169 arrows
 r - 68 bolts
 s - 26 sling bullets
 E - 2 javelins (quivered)
 J - 50 poisoned needles
 O - a curare-tipped needle
Armour
 e - a +2 shield
Jewellery
 d - a ring of protection from magic (right tentacle)
 i - a ring of resist corrosion (left tentacle)
 p - a +5 amulet of reflection (around mantle)
 G - an uncursed amulet of magic regeneration
 S - an uncursed amulet of faith
Wands
 h - a wand of polymorph (7)
 H - a wand of iceblast (5)
 R - a wand of flame (13)
Scrolls
 k - a scroll of enchant weapon
 m - 4 scrolls of teleportation
 o - a scroll of amnesia
 q - 3 scrolls of blinking
 t - 3 scrolls of enchant armour
 w - 2 scrolls of immolation
 y - 2 scrolls of remove curse
 B - a scroll of identify
 Q - a scroll of magic mapping
Potions
 u - a potion of lignification
 x - a potion of heal wounds
 z - a potion of flight
 C - 4 potions of brilliance
 D - a potion of curing
 F - 2 potions of mutation
 L - 2 potions of might
 M - a potion of resistance {unknown}
 T - a potion of cancellation {unknown}
Comestibles
 f - 12 rations
 l - a chunk of flesh


   Skills:
 - Level 2.0 Fighting
   Level 1.0 Long Blades
 + Level 3.6(5.4) Axes
 - Level 6.1(6.6) Polearms
 - Level 8.0 Bows
 - Level 4.5 Throwing
 - Level 5.9 Dodging
 - Level 11.1 Stealth
 - Level 1.0 Spellcasting
 - Level 3.2 Conjurations
   Level 2.0 Hexes
 - Level 4.6 Fire Magic
 - Level 2.0 Air Magic
 - Level 1.0 Poison Magic
 - Level 4.3 Invocations
 - Level 1.1 Evocations


You had 4 spell levels left.
You knew the following spells:

 Your Spells              Type           Power        Failure   Level  Hunger
a - Mephitic Cloud        Conj/Pois/Air  #.......     26%         3    ####...
b - Conjure Flame         Conj/Fire      ###.....     12%         3    ####...
n - Animate Skeleton      Necr           N/A          21%         1    ##.....
A - Apportation           Tloc           #.....       21%         1    ##.....

Your spell library contained the following spells:

 Spells                   Type           Power        Failure   Level  Hunger
 Confusing Touch          Hex            #.....       9%          1    ##.....
 Poisonous Vapours        Pois/Air       #.....       16%         2    ###....
 Summon Small Mammal      Summ           #...         21%         1    ##.....
 Freezing Cloud           Conj/Ice/Air   #.........   100%        6    #######
 Ring of Flames           Chrm/Fire      #.........   100%        7    #######


Dungeon Overview and Level Annotations

Branches:
Dungeon (10/15)            Temple (1/1) D:7            Lair (0/6) D:8
    Orc: D:9-12

Altars:
Ashenzari
Cheibriados
Dithmenos
Elyvilon
Fedhas
Gozag
Hepliaklqana
Kikubaaqudgha
Makhleb
Nemelex Xobeh
Okawaru
Qazlal
Ru
Sif Muna
Trog
Uskayaw
Vehumet
Wu Jian
Xom
Yredelemnul
Zin
The Shining One

Shops:
D:5 =   D:6 }*(   D:7 (   D:8 [!(%

Annotations:
D:7 exclusion: orc warrior
D:9 Erolcha, Maurice, Prince Ribbit


Innate Abilities, Weirdness & Mutations

You cannot wear most types of armour.
You are very stealthy in the water. (Stealth+)
You are amphibious.
You can wear up to eight rings at the same time.
You can use your tentacles to constrict eight enemies at once.
Your skin changes colour to match your surroundings (Stealth+).
Your rubbery body absorbs attacks. (AC +1, EV +1)
Your mind is acute. (Int +2)
You are robust. (+10% HP)
Potions are poor at restoring your health.


Message History

Confirm with . or Enter, or press ? or * to list all spells.
Aiming: Conjure Flame (safe; 12% risk of failure)
Press: ? - help, Dir - move target cursor The fire ignites!
You feel sick.
You are confused.
Your system partially rejects the healing.
You feel invigorated.
The killer bee is engulfed in blazing flames.
You feel sick.
You feel sick. The killer bee closely misses you. x2
You feel less invigorated.
You feel less confused. You block the killer bee's attack.
The killer bee closely misses you. The killer bee stings you.
* * * LOW HITPOINT WARNING * * *
The killer bee misses you.
Okay, then.
You feel sick.
The killer bee seems less confused.
The killer bee stings you!
You die...
Your body disappears without a glow.

#....).# #.....##
#..#.)# #..#..#
#..#.(# #..#..#
#..)..#y.y#
#y....#...#
#@....#...#
#§##..#..#######
#.##.....≈)≈...#
#........≈≈≈.8.#
#....y..y...8_8#
#.#......≈≈≈.8.#
#........≈)≈...##+
#......#.#######..
#.####.#....#.....


You could see a killer bee.

Vanquished Creatures
  3 two-headed ogres
  An ugly thing (D:10)
  Pikel (D:4)
  Psyche (D:8)
  2 hippogriffs (D:9)
  A spriggan (D:7)
  3 yaks (D:9)
  A wyvern (D:8)
  Menkaure (D:4)
  A water moccasin (D:8)
  3 phantoms
  3 orc warriors
  2 ice beasts (D:7)
  2 sky beasts
  A black bear (D:10)
  A necrophage (D:8)
  An ogre (D:5)
  3 centaurs
  3 big kobolds
  4 bullfrogs
  A water moccasin zombie (D:6)
  4 killer bees (D:9)
  A howler monkey (D:4)
  2 crimson imps (D:10)
  2 bullfrog zombies (D:9)
  5 hounds
  3 jellies
  4 orc priests
  7 orc wizards
  A centaur skeleton (D:5)
  7 iguanas
  12 worker ants
  2 hound skeletons
  3 hound zombies
  A worker ant zombie (D:10)
  3 gnolls (D:2)
  10 adders
  A shadow imp (D:7)
  An ooze (D:4)
  An adder skeleton (D:7)
  3 worms
  3 dart slugs
  3 leopard geckos
  44 orcs
  5 bats
  8 giant cockroaches
  7 goblins
  4 hobgoblins
  17 jackals
  17 kobolds
  5 quokkas
  A ball python (D:3)
  A ball python skeleton (D:5)
  4 frilled lizards
  A jackal skeleton (D:4)
  A leopard gecko skeleton (D:3)
  2 quokka skeletons (D:3)
  A quokka zombie (D:10)
  7 rats
  A withered plant (D:3)
244 creatures vanquished.

Vanquished Creatures (collateral kills)
  A phantom (D:10)
  A killer bee (D:9)
  An orc wizard (D:9)
3 creatures vanquished.

Vanquished Creatures (others)
  An orc warrior (D:9)
  A centaur (D:7)
2 creatures vanquished.

Grand Total: 249 creatures vanquished

Notes
Turn   | Place    | Note
-------+----------+-------------------------------------------
     0 | D:1      | Iskender the Octopode Wanderer began the quest for the Orb.
     0 | D:1      | Iskender set off with the following items: a +2 blowgun, 2
                  | curare-tipped needles, a +0 quarterstaff, a +0 falchion, a
                  | ration
     0 | D:1      | Reached XP level 1. HP: 14/14 MP: 2/2
   198 | D:1      | Reached skill level 1 in Stealth
   372 | D:1      | Reached skill level 2 in Stealth
   781 | D:1      | Reached XP level 2. HP: 19/19 MP: 3/3
   884 | D:2      | Reached skill level 3 in Stealth
  1333 | D:2      | Reached XP level 3. HP: 24/24 MP: 4/4
  1378 | D:2      | Reached skill level 4 in Stealth
  2176 | D:3      | Reached skill level 5 in Stealth
  2176 | D:3      | Reached XP level 4. HP: 29/29 MP: 5/5
  2489 | D:3      | Reached skill level 6 in Stealth
  2490 | D:3      | Gained mutation: Scrolls take you a little longer to read.
                  | [potion of mutation]
  2490 | D:3      | Gained mutation: Potions are less effective at restoring
                  | your health. [potion of mutation]
  2490 | D:3      | Gained mutation: Potions are poor at restoring your health.
                  | [potion of mutation]
  2490 | D:3      | Gained mutation: One of your tentacles bears a spike.
                  | [potion of mutation]
  2777 | D:2      | Reached XP level 5. HP: 34/34 MP: 6/6
  3233 | D:3      | Reached skill level 7 in Stealth
  3553 | D:4      | Reached skill level 8 in Stealth
  3553 | D:4      | Reached XP level 6. HP: 33/39 MP: 7/7
  3671 | D:4      | Noticed Pikel
  3671 | D:4      | Noticed a slave
  3671 | D:4      | Noticed a slave
  3697 | D:4      | Noticed Menkaure
  4046 | D:4      | Noticed a slave
  4049 | D:4      | Noticed a slave
  4589 | D:4      | Found a sparkling altar of Nemelex Xobeh.
  4593 | D:4      | Became a worshipper of Nemelex Xobeh the Trickster
  4946 | D:2      | Received a gift from Nemelex Xobeh
  5125 | D:5      | Entered Level 5 of the Dungeon
  5125 | D:5      | Noticed a phantom
  5263 | D:5      | Found Ukoypo's Jewellery Shop.
  5271 | D:5      | Reached XP level 7. HP: 45/45 MP: 8/8
  5629 | D:5      | Reached skill level 9 in Stealth
  6053 | D:5      | Reached skill level 10 in Stealth
  6205 | D:5      | Reached skill level 1 in Invocations
  6415 | D:5      | Reached XP level 8. HP: 27/50 MP: 8/10
  6904 | D:6      | Found Numaul's General Store.
  6939 | D:6      | Bought a scroll of remove curse for 33 gold pieces
  7071 | D:6      | Found Maoveps's Gadget Emporium.
  7202 | D:6      | Reached * piety under Nemelex Xobeh
  7241 | D:6      | Received a gift from Nemelex Xobeh
  7274 | D:6      | Reached skill level 11 in Stealth
  7330 | D:6      | Reached skill level 1 in Bows
  7659 | D:6      | Found Wuyno's Antique Weapon Shoppe.
  7826 | D:6      | Found a shadowy altar of Dithmenos.
  8046 | D:6      | Reached skill level 1 in Polearms
  8267 | D:4      | Killed Menkaure
  8308 | D:4      | Killed Pikel
  8308 | D:4      | Reached skill level 5 in Polearms
  8308 | D:4      | Reached XP level 9. HP: 54/54 MP: 12/12
  8978 | D:7      | Learned a level 3 spell: Mephitic Cloud
  8982 | D:7      | Learned a level 3 spell: Conjure Flame
  9041 | D:7      | Found Parirr's Antique Weapon Boutique.
  9180 | D:7      | Reached skill level 1 in Conjurations
  9695 | D:7      | Reached skill level 1 in Dodging
  9698 | D:7      | Found a staircase to the Ecumenical Temple.
  9734 | D:7      | Received a gift from Nemelex Xobeh
  9748 | Temple   | Entered the Ecumenical Temple
 10099 | D:8      | Found Kaxkouvie's Distillery.
 10127 | D:8      | Found a shadowy altar of Dithmenos.
 10181 | D:8      | Noticed a two-headed ogre
 10255 | D:8      | Noticed Psyche
 10402 | D:8      | Killed a two-headed ogre
 10402 | D:8      | Reached XP level 10. HP: 60/60 MP: 1/13
 10435 | D:8      | Found Viterapny's Armour Boutique.
 10507 | D:8      | Found a staircase to the Lair.
 10563 | D:8      | Reached skill level 1 in Poison Magic
 10852 | D:8      | Reached ** piety under Nemelex Xobeh
 10863 | D:8      | Found Zicov's Food Shop.
 10951 | D:8      | Killed Psyche
 11005 | D:8      | Found Filit's Weapon Boutique.
 11021 | D:7      | Noticed a rust devil
 11021 | D:7      | Noticed a rust devil
 11634 | D:9      | Reached skill level 5 in Dodging
 11791 | D:9      | Reached skill level 1 in Axes
 11928 | D:9      | Noticed Maurice
 11935 | D:9      | Noticed Maurice
 11935 | D:9      | Maurice changed into Maurice the wolf
 11941 | D:9      | Noticed Erolcha
 11945 | D:9      | You fall through a shaft!
 11945 | D:10     | Entered Level 10 of the Dungeon
 12183 | D:10     | Lost mutation: Scrolls take you a little longer to read.
                  | [potion of mutation]
 12183 | D:10     | Lost mutation: One of your tentacles bears a spike. [potion
                  | of mutation]
 12183 | D:10     | Gained mutation: Your mind is acute. (Int +2) [potion of
                  | mutation]
 12183 | D:10     | Gained mutation: You are robust. (+10% HP) [potion of
                  | mutation]
 12188 | D:10     | Received a gift from Nemelex Xobeh
 12214 | D:10     | Learned a level 1 spell: Apportation
 12232 | D:10     | Learned a level 1 spell: Animate Skeleton
 12245 | D:10     | Noticed a white ugly thing
 12289 | D:10     | Noticed a two-headed ogre
 12313 | D:10     | Killed a two-headed ogre
 12446 | D:10     | Killed a white ugly thing
 12446 | D:10     | Reached XP level 11. HP: 70/70 MP: 14/14
 12777 | D:10     | Noticed a two-headed ogre
 12795 | D:10     | Killed a two-headed ogre
 13111 | D:10     | Received a gift from Nemelex Xobeh
 13960 | D:9      | Found an iron altar of Okawaru.
 14008 | D:9      | Noticed Prince Ribbit
 14087 | D:9      | Slain by a killer bee

Skill      XL: |  1  2  3  4  5  6  7  8  9 10 11 |
---------------+----------------------------------+-----
Stealth        | 2 3 5 6 8 10 11 | 11.1
Throwing       | 4 |  4.5
Invocations    | 2 4 |  4.3
Bows           | 2 3 6 8 |  8.0
Polearms       | 5 6 |  6.1
Conjurations   | 3 |  3.2
Dodging        | 3 5 |  5.9
Fire Magic     | 4 |  4.6
Poison Magic   | 1 |  1.0
Axes           | 2 3 |  3.6
Fighting       | |  2.0
Long Blades    | |  1.0
Spellcasting   | |  1.0
Hexes          | |  2.0
Air Magic      | |  2.0
Evocations     | |  1.1

Action                   |  1- 3 |  4- 6 |  7- 9 | 10-12 || total
-------------------------+-------+-------+-------+-------++-------
Melee: Quarterstaff      |    89 |    82 |    93 |       ||   264
       Constrict         |    17 |    22 |    25 |    22 ||    86
       Tentacles         |     9 |    17 |    21 |    19 ||    66
       Kick              |       |    18 |    39 |    11 ||    68
       Trident           |       |       |    74 |   134 ||   208
       Short sword       |       |       |     3 |     4 ||     7
       Hand axe          |       |       |       |     2 ||     2
 Fire: Hunting sling     |    37 |    90 |    26 |       ||   153
       Blowgun           |       |    23 |    22 |    12 ||    57
       Shortbow          |       |       |    78 |   117 ||   195
Throw: Stone             |    21 |       |       |       ||    21
       Javelin           |       |       |    21 |     2 ||    23
 Cast: Conjure Flame     |       |       |     7 |    21 ||    28
       Mephitic Cloud    |       |       |     1 |     5 ||     6
       Animate Skeleton  |       |       |       |     1 ||     1
 Abil: Draw Destruction  |       |       |     1 |     3 ||     4
       Draw Escape       |       |       |       |     3 ||     3
       Draw Summoning    |       |       |       |     2 ||     2
Evoke: Wand              |       |       |     2 |     9 ||    11
  Use: Potion            |     2 |     2 |     2 |     3 ||     9
       Scroll            |     1 |     5 |     5 |     5 ||    16
 Stab: Sleeping          |     5 |     8 |     8 |     5 ||    26
  Eat: Chunk             |     4 |     6 |     6 |     7 ||    23
       Ration            |       |     1 |     4 |     2 ||     7
Armor: Skin              |    32 |     5 |     5 |     2 ||    44
Dodge: Dodged            |    44 |    24 |    86 |    78 ||   232
Block: Other             |    10 |    13 |    32 |    25 ||    80
       Reflection        |     1 |       |     5 |     2 ||     8
